 Dungeon Crawl Stone Soup version 0.17-a0-1804-gf6433eb (webtiles) character file.

1189 shakdrar the Covered (level 8, 0/58 HPs)
             Began as a Formicid Fighter on Sept 11, 2015.
             Was a Follower of Ashenzari.
             Slain by a wyvern zombie (1 damage)
             ... on level 6 of the Dungeon.
             The game lasted 00:24:48 (6942 turns).

shakdrar the Covered (Formicid Fighter)             Turns: 6942, Time: 00:24:49

Health: 0/58       AC: 10    Str: 24      XL:     8   Next: 71%
Magic:  7/7        EV:  9    Int:  7 (9)  God:    Ashenzari [*.....]
Gold:   334        SH: 10    Dex:  8 (10) Spells: 0 memorised, 7 levels left

rFire  . . .     SeeInvis +     a - +0 trident
rCold  . . .     Clarity  .     b - +0 scale mail
rNeg   . . .     SustAt   .     c - +0 shield
rPois  +         Gourm    .     (helmet unavailable)
rElec  .         Spirit   .     (no cloak)
rCorr  .         Warding  .     j - +0 pair of gloves
rMut   .         Stasis   +     (no boots)
MR     .....                    (no amulet)
Stlth  ..........               g - ring of poison resistance
                                h - +2 ring of strength

@: not resistant to hostile enchantments, extremely unstealthy
A: permanent stasis, dig shafts and tunnels, four strong arms, antennae 3,
molten scales 1, deterioration 1, low mp 1
a: Dig, Shaft Self, Scrying, Renounce Religion


You were on level 6 of the Dungeon.
You worshipped Ashenzari.
Ashenzari was aware of your devotion.
You were not hungry.

You visited 1 branch of the dungeon, and saw 6 of its levels.

You collected 334 gold pieces.

Inventory:

Hand weapons
 a - a +0 trident (weapon)
 u - a +1 falchion of holy wrath
Missiles
 f - 26 poisoned needles
 o - 13 arrows of flame
 s - 23 bolts
Armour
 b - a +0 scale mail (worn)
 c - a +0 shield (worn)
 j - a +0 pair of gloves (worn)
Jewellery
 g - a ring of poison resistance (right hand)
 h - a +2 ring of strength (left hand)
 p - a +3 ring of protection
Magical devices
 k - a wand of polymorph (24)
 w - a wand of frost (21)
Scrolls
 i - a scroll of identify
 t - 3 scrolls of remove curse
Potions
 d - 2 potions of might
 l - 2 potions of brilliance
 m - 2 potions of haste
 n - 2 potions of flight
 q - a potion of magic {unknown}
 r - a potion of cancellation
 v - 2 potions of curing
Comestibles
 e - 2 bread rations


   Skills:
 + Level 3.2 Fighting
 - Level 6.0 Polearms
 - Level 7.4 Armour
 - Level 7.1 Shields


You had 7 spell levels left.
You didn't know any spells.

Dungeon Overview and Level Annotations

Branches:
Dungeon (6/15)
 Temple: D:4-7

Altars:
Ashenzari
Cheibriados
Dithmenos
Makhleb
Qazlal
Sif Muna
Trog

Shops:
D:4 *


Innate Abilities, Weirdness & Mutations

You are under a permanent stasis effect.
You can dig through walls and to a lower floor.
Your four strong arms can wield two-handed weapons with a shield.
You have a pair of large antennae on your head (SInv).
You are partially covered in molten scales (AC +1).
Your body sometimes deteriorates upon taking damage.
Your magical capacity is low (-10% MP).


Message History

You barely miss the wyvern zombie. You block the wyvern zombie's attack.
You block the wyvern zombie's attack.
You hit the wyvern zombie but do no damage.
The wyvern zombie bites you!
* * * LOW HITPOINT WARNING * * *
You barely miss the wyvern zombie. The wyvern zombie bites you!
* * * LOW HITPOINT WARNING * * *
You barely miss the wyvern zombie.
The wyvern zombie bites you but does no damage. x2
Drink which item? (? for menu, Esc to quit)
Okay, then.
The wyvern zombie closely misses you. You block the wyvern zombie's attack.
You block the wyvern zombie's attack.
You hit the wyvern zombie but do no damage.
The wyvern zombie bites you.
* * * LOW HITPOINT WARNING * * *
You hit the wyvern zombie. The wyvern zombie barely misses you.
The wyvern zombie bites you.
You die...

##.#####.##
...#
#.########
..##
#........#
..#
########)#
..# #.# .##
#.## ##
#..# # ##.#
#@# #Z# ..
#.# #. #.#
..{ ####.#
## #.
#....# ..
#. #.####
##.#. #.#
#....###.#


You could see a wyvern zombie.

Vanquished Creatures
  An ice beast (D:5)
  A sky beast (D:5)
  4 ogres
  A centaur (D:5)
  An orc priest (D:4)
  3 orc wizards
  7 worker ants
  3 gnolls (D:4)
  12 adders
  6 oozes
  2 adder zombies
  An adder skeleton (D:4)
  3 worms
  5 giant geckos
  14 orcs
  11 bats
  10 giant cockroaches
  9 goblins
  10 hobgoblins
  10 jackals
  4 kobolds
  6 quokkas
  2 giant gecko skeletons (D:4)
  2 giant newts (D:2)
  A jackal zombie (D:5)
  13 rats
142 creatures vanquished.

Notes
Turn   | Place    | Note
--------------------------------------------------------------
     0 | D:1      | shakdrar the Formicid Fighter began the quest for the Orb.
     0 | D:1      | Reached XP level 1. HP: 18/18 MP: 1/1
     1 | D:1      | Found a runed door.
    92 | D:1      | Found a shattered altar of Ashenzari.
   100 | D:1      | Became a worshipper of Ashenzari the Shackled
   126 | D:1      | Reached XP level 2. HP: 24/24 MP: 2/2
   262 | D:1      | Reached skill level 4 in Shields
   532 | D:1      | Reached XP level 3. HP: 29/29 MP: 3/3
   708 | D:1      | Reached XP level 4. HP: 24/35 MP: 4/4
  1109 | D:2      | Found a deep blue altar of Sif Muna.
  1146 | D:2      | Found a bloodstained altar of Trog.
  1585 | D:2      | Reached skill level 5 in Shields
  1585 | D:2      | Reached XP level 5. HP: 41/41 MP: 5/5
  1666 | D:2      | Reached skill level 5 in Armour
  1686 | D:2      | Found a burning altar of Makhleb.
  2481 | D:3      | Found a stormy altar of Qazlal.
  2747 | D:4      | Noticed an ogre
  2892 | D:4      | Reached XP level 6. HP: 38/47 MP: 6/6
  3483 | D:4      | Reached skill level 6 in Shields
  3725 | D:5      | Entered Level 5 of the Dungeon
  4153 | D:4      | Found a shadowy altar of Dithmenos.
  4225 | D:4      | Noticed an ogre
  4230 | D:5      | Noticed a sky beast
  4235 | D:5      | Killed a sky beast
  4235 | D:5      | Reached XP level 7. HP: 34/52 MP: 7/7
  4481 | D:5      | Noticed an ice beast
  4508 | D:5      | Killed an ice beast
  4508 | D:5      | Reached skill level 7 in Shields
  4644 | D:5      | Acquired Ashenzari's first power
  5017 | D:4      | Killed an ogre
  5017 | D:4      | Reached XP level 8. HP: 11/58 MP: 8/8
  5344 | D:4      | Killed an ogre
  5630 | D:4      | Noticed an ogre
  5640 | D:4      | Killed an ogre
  5738 | D:4      | Gained mutation: You are partially covered in molten scales (AC +1). [potion of mutation]
  5738 | D:4      | Gained mutation: Your magical capacity is low (-10% MP). [potion of mutation]
  5738 | D:4      | Gained mutation: Your body sometimes deteriorates upon taking damage. [potion of mutation]
  5753 | D:4      | Found Madufita's Elemental Accessories.
  5794 | D:4      | Reached skill level 5 in Polearms
  6467 | D:5      | Found a snail-covered altar of Cheibriados.
  6941 | D:6      | HP: 1/58 [wyvern zombie (5)]
  6942 | D:6      | Slain by a wyvern zombie

Vault maps used:
D:1:      dpeg_arrival_caged_fury, evilmike_ruin_ashenzari
D:2:      overflow_temple_1_default, old_standard_altar, bloody_makhleb,
          minmay_goblin_kobold_house
D:3:      nicolae_overflow_crystal_walls
D:4:      kennysheep_mini, first_bread, moated_statue, nicolae_elemental_shop
D:5:      cheibriados_altar_1, kennysheep_another_room
D:6:      nicolae_ru_sacrificial_ziggurat

Action                   |  1- 3 |  4- 6 |  7- 9 || total
-------------------------+-------+-------+-------++-------
Melee: Trident           |    98 |   320 |   292 ||   710
 Abil: Dig               |       |     2 |     1 ||     3
  Use: Scroll            |     4 |     2 |     5 ||    11
       Potion            |     3 |     5 |     4 ||    12
  Eat: Chunk             |       |     3 |       ||     3
       Meat ration       |       |     2 |       ||     2
       Bread ration      |       |       |     2 ||     2
